 Dungeon Crawl Stone Soup version 0.19-a0-607-g42021f0 (webtiles) character file.

60 st0uf the Shield-Bearer (level 4, 0/37 HPs)
             Began as a Formicid Fighter on June 12, 2016.
             Slain by a hobgoblin
             ... wielding a +0 club
             ... led by Robin
              (8 damage)
             ... on level 2 of the Dungeon.
             The game lasted 00:03:09 (846 turns).

st0uf the Shield-Bearer (Formicid Fighter)           Turns: 846, Time: 00:03:10

Health: 0/37       AC:  7    Str: 22    XL:     4   Next: 24%
Magic:  4/4        EV: 10    Int:  7    God:
Gold:   143        SH:  9    Dex: 10    Spells: 0 memorised, 3 levels left

rFire  . . .     SeeInvis +     a - +0 war axe
rCold  . . .     Gourm    .     b - +0 scale mail
rNeg   . . .     Faith    .     c - +0 shield
rPois  .         Spirit   .     (helmet unavailable)
rElec  .         Dismiss  .     (no cloak)
rCorr  .         Reflect  .     (no gloves)
SustAt .         Harm     .     (no boots)
MR     .....                    (no amulet)
Stlth  ..........               (no ring)
                                m - +2 ring of evasion

@: not resistant to hostile enchantments, extremely unstealthy
A: permanent stasis, dig shafts and tunnels, four strong arms, antennae 3
a: Dig, Shaft Self


You were on level 2 of the Dungeon.
You were not hungry.

You visited 1 branch of the dungeon, and saw 2 of its levels.

You collected 143 gold pieces.

Inventory:

Hand Weapons
 a - a +0 war axe (weapon)
Missiles
 h - 20 sling bullets
Armour
 b - a +0 scale mail (worn)
 c - a +0 shield (worn)
Jewellery
 m - a +2 ring of evasion (left hand)
Scrolls
 e - a scroll of enchant armour {unknown}
 g - a scroll of remove curse {unknown}
 l - a scroll of identify {unknown}
Potions
 d - a potion of might
 k - a potion of cure mutation {unknown}
Comestibles
 f - 2 bread rations
 i - 2 meat rations


   Skills:
 + Level 3.8 Fighting
 * Level 3.0 Axes
 + Level 3.7 Armour
 + Level 4.1 Shields


You had 3 spell levels left.
You didn't know any spells.

Dungeon Overview and Level Annotations

Branches:
Dungeon (2/15)

Altars:

Annotations:
D:2 Robin


Innate Abilities, Weirdness & Mutations

You are under a permanent stasis effect.
You can dig through walls and to a lower floor.
Your four strong arms can wield two-handed weapons with a shield.
You have a pair of large antennae on your head. (SInv)


Message History

You block Robin's attack.
It was a potion of curing.
You feel better. The giant newt closely misses you.
Robin hits you but does no damage.
You closely miss the giant newt. You block the giant newt's attack.
Robin hits you but does no damage.
You barely miss the giant newt.
The giant newt bites you but does no damage.
You block Robin's attack. The giant newt barely misses you.
Your shield prevents you from hitting the giant newt.
You block Robin's attack. You block the giant newt's attack.
Robin says, "My goblins will feast on your bones."
You block Robin's attack.
You barely miss the giant newt. You block the giant newt's attack.
Robin hits you from afar with a spear.
* * * LOW HITPOINT WARNING * * *
You hit the giant newt.
You kill the giant newt!
Robin no longer looks unusually strong.
You block Robin's attack. Robin barely misses you.
The hobgoblin hits you with a club!
You die...

#..........###...
###.#.......##... #
#.#.......##... ..
##.........##... ...
#.....#....##... ....
#.....#.######.. .....
#...............
.....g###(#........<#...
......g@).............<.
>..##.###.#.....#.#####.
#. ................ #
........#..###..
####.............
#........###..
#.##..#..# #. #.....# #
#....)#


You could see Robin and a hobgoblin.

Vanquished Creatures
  A gnoll (D:1)
  An ooze (D:1)
  A worm (D:2)
  2 giant geckos (D:1)
  3 bats
  A giant cockroach (D:1)
  14 goblins
  5 hobgoblins (D:1)
  2 kobolds (D:1)
  2 giant newts
  4 rats
36 creatures vanquished.

Notes
Turn   | Place    | Note
--------------------------------------------------------------
     0 | D:1      | st0uf the Formicid Fighter began the quest for the Orb.
     0 | D:1      | Reached XP level 1. HP: 18/18 MP: 1/1
   169 | D:1      | Reached XP level 2. HP: 22/24 MP: 2/2
   191 | D:1      | Reached XP level 3. HP: 29/30 MP: 3/3
   482 | D:1      | Reached skill level 4 in Shields
   798 | D:2      | Noticed Robin
   814 | D:2      | Reached XP level 4. HP: 37/37 MP: 4/4
   840 | D:2      | HP: 1/37 [giant newt (1)]
   846 | D:2      | Slain by a hobgoblin

Vault maps used:
D:1:      sevenhm_arrival_forest_fort_small_6, st_stairs_10, minivault_19,
          wad_floor_pattern_2, minmay_crystal_water, hex_intersection,
          minmay_misc_feat_nine_boxes, minmay_surrounded
D:2:      lemuel_round_altar, uniq_robin

Skill      XL: |  1  2  3  4 |
---------------+-------------+-----
Shields        | 4 |  4.1
Axes           | 3 |  3.0
Fighting       | |  3.8
Armour         | |  3.7

Action                   |  1- 3 |  4- 6 || total
-------------------------+-------+-------++-------
Melee: War axe           |    84 |    31 ||   115
  Use: Potion            |       |     1 ||     1
Armor: Scale mail        |    25 |    14 ||    39
Dodge: Dodged            |    26 |    22 ||    48
Block: Shield            |    45 |    32 ||    77
